AoeStats
← Reberner

Arabian Desert

508689293Analyzed
1v1 RM · 9d ago on Sep 23, 2026· 59m 18s· 2 players
Game mode
Random Map
Map size
Tiny (2 player)
Population
200
Speed
Normal
Resources
Standard
Victory
Conquest
Starting age
Dark Age
Ending age
Imperial Age
RankedLock teamsTeams togetherTeam positionsShared explorationLock speedFull tech treeHidden civsTurbo modeCheats
Victory
Defeat
🇲🇽 Varangians · Mexico
1456
+16
🇭🇺 Danes · Hungary
1450
-16
Reberner
7:13 Loom
9:25 Feudal Age
10:01 Double-Bit Axe
10:00 Man-at-Arms
15:18 Fletching
26:19 Castle Age
24:35 Padded Archer Armor
26:09 Gold Mining
26:00 Horse Collar
26:56 Bodkin Arrow
27:20 Bow Saw
26:35 Crossbowman
36:50 Ballistics
41:17 Bloodlines
41:07 Husbandry
47:33 Imperial Age
48:17 Bracer
49:18 Chemistry
48:31 Cranequins
53:29 Thumb Ring
53:48 Pikeman
54:28 Squires
54:30 Scale Mail Armor
54:46 Leather Archer Armor
55:25 Halberdier
56:32 Chain Mail Armor
56:38 Squires
El_mexicano_S
6:02 Loom
9:35 Feudal Age
9:38 Man-at-Arms
14:08 Double-Bit Axe
14:36 Fletching
14:56 Horse Collar
22:38 Castle Age
23:16 Bodkin Arrow
23:37 Crossbowman
29:39 Ballistics
31:11 Wheelbarrow
30:22 Town Watch
38:16 Imperial Age
36:03 Padded Archer Armor
39:07 Bracer
41:01 Chemistry
41:12 Leather Archer Armor
41:23 Hand Cart
41:15 Scale Barding Armor
44:40 Chain Barding Armor
44:33 Bloodlines
44:43 Bow Saw
44:28 Gold Mining
44:44 Husbandry
44:23 Cavalier
49:51 Plate Barding Armor
50:08 Ring Archer Armor
52:10 Vendel Legacy
55:42 Ring Archer Armor
56:26 Two-Man Saw
57:15 Conscription
60:02 Forging
Connection lost

Rejoining the realm…

Still unreachable

The connection could not be restored.

Session expired

The server has moved on; the page needs a fresh start.